 Dungeon Crawl Stone Soup version 0.26-a0-1033-gd598b01645 (webtiles) character file.

Game seed: 2172990588183954654

733 robertstho the Chiller (level 7, 0/51 HPs)
             Began as a Gnoll Ice Elementalist on Dec 10, 2020.
             Slain by Menkaure (17 damage)
             ... on level 4 of the Dungeon.
             The game lasted 00:08:38 (4058 turns).

robertstho the Chiller (Gnoll Ice Elementalist)     Turns: 4058, Time: 00:08:38

Health: 0/51       AC:  3    Str: 17    XL:     7   Next: 74%
Magic:  2/15       EV: 15    Int: 18    God:
Gold:   185        SH:  0    Dex: 16    Spells: 2/17 levels left

rFire    + . .     SeeInvis .   b - +2 mace (holy)
rCold    x . .     Faith    .   (no shield)
rNeg     . . .     Spirit   .   C - +0 robe {Will+}
rPois    .         Reflect  .   n - +0 helmet
rElec    .         Harm     .   (no cloak)
rCorr    .         Rampage  .   (no gloves)
Will     +....                  (no boots)
Stlth    +++.......             (no amulet)
HPRegen  0.17/turn              m - +6 ring of strength
MPRegen  0.14/turn              x - ring of fire

@: no status effects
A: distributed training, fangs 1, strong nose
a: no special abilities


You were on level 4 of the Dungeon.
You visited 1 branch of the dungeon, and saw 4 of its levels.

You collected 185 gold pieces.

Inventory:

Hand Weapons
 b - a +2 mace of holy wrath (weapon)
 c - a +0 hunting sling
 e - a +0 dagger
Missiles
 d - 121 stones (quivered ammo)
 f - 59 poisoned darts
 i - 51 sling bullets
 r - 35 arrows
 w - 15 bolts
Armour
 n - a +0 helmet (worn)
 C - a +0 robe of willpower (worn)
Jewellery
 m - a +6 ring of strength (left hand)
 x - a ring of fire (right hand)
Scrolls
 h - 2 scrolls of noise {unknown}
 j - a scroll of random uselessness {unknown}
 o - 2 scrolls of fear {unknown}
 q - 4 scrolls of identify {unknown}
 t - a scroll of enchant weapon {unknown}
 v - 2 scrolls of enchant armour {unknown}
 y - a scroll of remove curse {unknown}
 z - a scroll of magic mapping {unknown}
 A - a scroll of immolation {unknown}
 B - a scroll of teleportation {unknown}
Potions
 a - a potion of flight {unknown}
 g - 2 potions of lignification
 k - a potion of heal wounds
 l - 2 potions of mutation {unknown}
 p - a potion of ambrosia {unknown}
 s - a potion of cancellation {unknown}
 u - 2 potions of curing {unknown}


   Skills:
 + Level 2.6 Fighting
 + Level 2.6 Short Blades
 + Level 2.6 Long Blades
 + Level 2.6 Axes
 + Level 2.6 Maces & Flails
 + Level 2.6 Polearms
 + Level 2.6 Staves
 + Level 2.6 Slings
 + Level 2.6 Bows
 + Level 2.6 Crossbows
 + Level 2.6 Throwing
 + Level 2.6 Armour
 + Level 5.3 Dodging
 + Level 5.0 Stealth
 + Level 2.6 Shields
 + Level 2.6 Unarmed Combat
 + Level 5.7 Spellcasting
 + Level 2.1 Conjurations
 + Level 2.1 Hexes
 + Level 2.1 Summonings
 + Level 2.1 Necromancy
 + Level 2.1 Translocations
 + Level 2.1 Transmutations
 + Level 2.1 Fire Magic
 + Level 7.4 Ice Magic
 + Level 2.1 Air Magic
 + Level 2.1 Earth Magic
 + Level 2.1 Poison Magic
 + Level 3.0 Invocations
 + Level 2.6 Evocations


You had 2 spell levels left.
You knew the following spells:

 Your Spells              Type           Power        Failure   Level
a - Freeze                Ice            ####         1%          1
b - Frozen Ramparts       Ice            ####..       1%          3
c - Ozocubu's Armour      Ice            ####....     1%          3
d - Hailstorm             Conj/Ice       ###.....     17%         4
e - Summon Ice Beast      Ice/Summ       ###.....     17%         4

Your spell library contained the following spells:

 Spells                   Type           Power        Failure   Level


Dungeon Overview and Level Annotations

Branches:
Dungeon (4/15)
 Temple: D:4-7

Altars:
Fedhas
Nemelex Xobeh
Trog
Vehumet
The Shining One

Annotations:
D:3 3 runed translucent doors, quoriil's ghost, amateur DsCK
D:4 Menkaure


Innate Abilities, Weirdness & Mutations

Your experience applies equally to all skills.
You have very sharp teeth.
Your uncanny sense of smell can sniff out nearby items.


Message History

The adder skeleton barely misses your ice beast.
Your ice beast hits the adder skeleton.
Your ice beast freezes the adder skeleton.
The adder skeleton resists.
Casting: Hailstorm (quite dangerous; 17% risk of failure)
Confirm with . or Enter, or press ? or * to list all spells.
You don't have enough magic to cast that spell.
There are monsters nearby!
Unknown command.
You swap places.
The adder skeleton barely misses you.
Menkaure calls on the powers of darkness!
Your body is wracked with pain!
Your ice beast convulses!
You see here a bullfrog corpse.
You hit the adder skeleton.
You destroy the adder skeleton!
You hit Menkaure.
Menkaure convulses.
You bite Menkaure, but do no damage.
Menkaure is almost destroyed.
Menkaure hits you!
You die...

... .. ## .. .# ###. #.
#### .?.#...## #.#...
...>....# >..#
........######..######
........)M@Y..............
........######.#######...
........# #.# ###.#
..$.....# #.# ###...####
######### #.###...#.....
#.....###.#.#.
##..#####..⌠.. ∆
#...###.....#
#...#..#..##...


You could see Menkaure (fast) and a friendly ice beast (summoned).

Vanquished Creatures
  Sigmund (D:4)
  2 eyes of draining (D:3)
  An ogre (D:4)
  Blork the orc (D:4)
  A bullfrog (D:4)
  2 iguanas (D:4)
  Natasha (D:2)
  A worker ant (D:4)
  3 adders (D:2)
  A white imp (D:4)
  2 oozes
  An adder skeleton (D:4)
  2 dart slugs
  2 leopard geckos
  4 orcs
  4 giant cockroaches
  10 goblins
  9 hobgoblins
  2 jackals (D:1)
  4 quokkas
  A ball python (D:2)
  5 bats
  3 frilled lizards
  2 goblin zombies (D:4)
  A hobgoblin zombie (D:4)
  9 kobolds
  3 kobold skeletons (D:4)
  An orc zombie (D:4)
  6 rats
85 creatures vanquished.

Notes
Turn   | Place    | Note
-------+----------+-------------------------------------------
     0 | D:1      | robertstho the Gnoll Ice Elementalist began the quest for
                  | the Orb.
     0 | D:1      | Reached XP level 1. HP: 13/13 MP: 6/6
   151 | D:1      | Reached XP level 2. HP: 19/19 MP: 7/7
  1054 | D:1      | Reached XP level 3. HP: 25/25 MP: 9/9
  1082 | D:1      | Reached skill level 5 in Spellcasting
  1176 | D:2      | Found a blossoming altar of Fedhas.
  1193 | D:2      | Reached skill level 1 in Invocations
  1624 | D:2      | Reached skill level 1 in Fighting
  1624 | D:2      | Reached skill level 1 in Short Blades
  1624 | D:2      | Reached skill level 1 in Long Blades
  1624 | D:2      | Reached skill level 1 in Axes
  1624 | D:2      | Reached skill level 1 in Maces & Flails
  1624 | D:2      | Reached skill level 1 in Polearms
  1624 | D:2      | Reached skill level 1 in Staves
  1624 | D:2      | Reached skill level 1 in Slings
  1624 | D:2      | Reached skill level 1 in Bows
  1624 | D:2      | Reached skill level 1 in Crossbows
  1624 | D:2      | Reached skill level 1 in Throwing
  1624 | D:2      | Reached skill level 1 in Armour
  1624 | D:2      | Reached skill level 1 in Shields
  1624 | D:2      | Reached skill level 1 in Unarmed Combat
  1624 | D:2      | Reached skill level 1 in Evocations
  1636 | D:2      | Reached XP level 4. HP: 28/32 MP: 11/11
  1756 | D:2      | Found a sparkling altar of Nemelex Xobeh.
  1800 | D:2      | Noticed Natasha
  1808 | D:2      | Killed Natasha
  1809 | D:2      | Reached skill level 1 in Conjurations
  1809 | D:2      | Reached skill level 1 in Hexes
  1809 | D:2      | Reached skill level 1 in Summonings
  1809 | D:2      | Reached skill level 1 in Necromancy
  1809 | D:2      | Reached skill level 1 in Translocations
  1809 | D:2      | Reached skill level 1 in Transmutations
  1809 | D:2      | Reached skill level 1 in Fire Magic
  1809 | D:2      | Reached skill level 1 in Air Magic
  1809 | D:2      | Reached skill level 1 in Earth Magic
  1809 | D:2      | Reached skill level 1 in Poison Magic
  2144 | D:2      | Learned a level 3 spell: Frozen Ramparts
  2148 | D:2      | Learned a level 3 spell: Ozocubu's Armour
  2153 | D:2      | Learned a level 4 spell: Hailstorm
  2424 | D:3      | Found a runed translucent gate.
  2424 | D:3      | Found a runed translucent gate.
  2424 | D:3      | Noticed quoriil's ghost (amateur DsCK)
  2426 | D:3      | Found a runed translucent gate.
  2489 | D:3      | Found a radiant altar of Vehumet.
  2531 | D:3      | Reached XP level 5. HP: 37/37 MP: 12/12
  2692 | D:3      | Found a bloodstained altar of Trog.
  2692 | D:3      | Noticed an eye of draining
  2692 | D:3      | Noticed an eye of draining
  2864 | D:3      | Killed an eye of draining
  2958 | D:3      | Killed an eye of draining
  2959 | D:3      | Reached skill level 5 in Dodging
  2959 | D:3      | Reached XP level 6. HP: 44/44 MP: 5/14
  2964 | D:3      | Learned a level 4 spell: Summon Ice Beast
  3642 | D:4      | Reached XP level 7. HP: 50/50 MP: 10/15
  3656 | D:4      | Noticed Blork the orc
  3657 | D:4      | Found a glowing golden altar of the Shining One.
  3672 | D:4      | Killed Blork the orc
  3975 | D:4      | Noticed Sigmund
  3976 | D:4      | Noticed Menkaure
  4051 | D:4      | Killed Sigmund
  4052 | D:4      | Reached skill level 5 in Stealth
  4058 | D:4      | Slain by Menkaure

Illustrated notes

Levels and vault maps discovered:
D:1:      shiori_arrival_maze, layout_basic, minmay_misc_feat_iff
D:2:      layout_rooms, fedhas_ov_isle_minmay, lemuel_doored_altar, uniq_natasha
D:3:      layout_loops_ring, lemuel_coloured_pillars_altar,
          trog_eyes_of_draining, gammafunk_ghost_split
D:4:      layout_rooms, marbit_many_paths, nicolae_overflow_crystal_walls,
          hangedman_feature_mirror, nicolae_tso_besieged_by_evil, uniq_sigmund,
          uniq_blork_the_orc, uniq_menkaure, uniq_ijyb

Skill      XL: |  1  2  3  4  5  6  7 |
---------------+----------------------+-----
Spellcasting   | 5 |  5.7
Invocations    | 1 2 3 |  3.0
Fighting       | 1 2 |  2.6
Short Blades   | 1 2 |  2.6
Long Blades    | 1 2 |  2.6
Axes           | 1 2 |  2.6
Maces & Flails | 1 2 |  2.6
Polearms       | 1 2 |  2.6
Staves         | 1 2 |  2.6
Slings         | 1 2 |  2.6
Bows           | 1 2 |  2.6
Crossbows      | 1 2 |  2.6
Throwing       | 1 2 |  2.6
Armour         | 1 2 |  2.6
Shields        | 1 2 |  2.6
Unarmed Combat | 1 2 |  2.6
Evocations     | 1 2 |  2.6
Conjurations   | 1 2 |  2.1
Hexes          | 1 2 |  2.1
Summonings     | 1 2 |  2.1
Necromancy     | 1 2 |  2.1
Translocations | 1 2 |  2.1
Transmutations | 1 2 |  2.1
Fire Magic     | 1 2 |  2.1
Air Magic      | 1 2 |  2.1
Earth Magic    | 1 2 |  2.1
Poison Magic   | 1 2 |  2.1
Dodging        | 5 |  5.3
Stealth        | 5 |  5.0
Ice Magic      | |  7.4

Action                   |  1- 3 |  4- 6 |  7- 9 || total
-------------------------+-------+-------+-------++-------
Melee: Mace              |       |    19 |    17 ||    36
       Punch             |       |     1 |     2 ||     3
       Bite              |       |       |     2 ||     2
 Fire: Hunting sling     |    99 |   124 |       ||   223
 Cast: Freeze            |     9 |     9 |       ||    18
       Frozen Ramparts   |       |     8 |     5 ||    13
       Hailstorm         |       |       |     2 ||     2
       Summon Ice Beast  |       |       |     1 ||     1
  Use: Potion            |     1 |     1 |     1 ||     3
 Stab: Sleeping          |       |       |     3 ||     3
Armor: Robe              |     3 |     9 |     1 ||    13
       Skin              |       |     8 |       ||     8
Dodge: Dodged            |    31 |    55 |    15 ||   101

Table legend: (Time is in decaauts)
 A = Elapsed time spent in this place.
 B = Non-inter-level travel time spent in this place.
 C = Inter-level travel time spent in this place.
 D = Time resting spent in this place.
 E = Time spent auto-exploring this place.
 F = Levels seen in this place.
 G = Mean time per level.
                   A        B        C        D        E       F      G
               +--------+--------+--------+--------+--------+-----+--------+
         Total |   4104 |   4010 |     94 |    222 |   3035 |   4 | 1026.0 |
       Dungeon |   4104 |   4010 |     94 |    222 |   3035 |   4 | 1026.0 |
               +--------+--------+--------+--------+--------+-----+--------+

Top non-repeatable levels by time:
     D:1: 1187 daAuts
     D:3: 1160 daAuts
     D:2: 1005 daAuts
     D:4: 751 daAuts
